 Dungeon Crawl Stone Soup version 0.22.0-6-g71bd7aa (webtiles) character file.

1451 Azzok the Firebug (level 8, -2/67 HPs)
             Began as an Ogre Fire Elementalist on Aug 14, 2018.
             Slain by a worker ant (6 damage)
             ... on level 5 of the Dungeon.
             The game lasted 00:11:09 (7918 turns).

Azzok the Firebug (Ogre Fire Elementalist)          Turns: 7918, Time: 00:11:09

Health: -2/67      AC:  3    Str: 13    XL:     8   Next: 75%
Magic:  7/11       EV: 10    Int: 18    God:
Gold:   255        SH:  0    Dex:  9    Spells: 6/11 levels left

rFire    . . .     SeeInvis .   e - +2 mace (venom)
rCold    . . .     Gourm    .   (no shield)
rNeg     . . .     Faith    .   a - +0 robe
rPois    .         Spirit   .   (helmet restricted)
rElec    .         Reflect  .   (no cloak)
rCorr    .         Harm     .   (gloves unavailable)
MR       .....                  (boots unavailable)
Stlth    +.........             (no amulet)
HPRegen  0.21/turn              (no ring)
MPRegen  0.12/turn              (no ring)

@: no status effects
A: large, unfitting armour, tough skin 1
a: no special abilities


You were on level 5 of the Dungeon.
You were hungry.

You visited 1 branch of the dungeon, and saw 6 of its levels.
You also visited: Sewer.

You collected 255 gold pieces.

Inventory:

Hand Weapons
 e - a +2 mace of venom (weapon)
Armour
 a - a +0 robe (worn)
Jewellery
 s - an uncursed ring of ice
Wands
 h - a wand of acid (3)
Scrolls
 b - 3 scrolls of teleportation {unknown}
 g - 9 scrolls of identify {unknown}
 i - 2 scrolls of remove curse {unknown}
 j - 2 scrolls of magic mapping {unknown}
 k - a scroll of fear {unknown}
 n - 2 scrolls of immolation {unknown}
 t - a scroll of amnesia {unknown}
 v - a scroll of blinking {unknown}
 y - a scroll of enchant armour {unknown}
Potions
 d - 3 potions of might
 f - 3 potions of haste {unknown}
 l - a potion of flight {unknown}
 m - a potion of brilliance {unknown}
 o - 2 potions of curing
 p - a potion of heal wounds {unknown}
 q - a potion of magic {unknown}
 r - a potion of resistance {unknown}
 u - a potion of mutation {unknown}
 x - a potion of berserk rage {unknown}
Comestibles
 c - 10 rations
 w - a chunk of flesh


   Skills:
 - Level 1.7 Dodging
 - Level 1.4 Stealth
 - Level 2.4 Spellcasting
 + Level 6.8 Conjurations
 + Level 7.3 Fire Magic


You had 6 spell levels left.
You knew the following spells:

 Your Spells              Type           Power        Failure   Level  Hunger
a - Flame Tongue          Conj/Fire      ####.        1%          1    #......
b - Sticky Flame          Conj/Fire      ####....     10%         4    #####..

Your spell library contained the following spells:

 Spells                   Type           Power        Failure   Level  Hunger
 Fireball                 Conj/Fire      ####......   26%         5    ######.
 Conjure Flame            Conj/Fire      ####....     2%          3    ###....
 Throw Flame              Conj/Fire      ####..       1%          2    ##.....
 Inner Flame              Hex/Fire       ###.....     12%         3    ###....


Dungeon Overview and Level Annotations

Branches:
Dungeon (6/15)
 Temple: D:4-7

Altars:
Ashenzari
Cheibriados
Hepliaklqana
Nemelex Xobeh
Qazlal
Sif Muna
Uskayaw
Wu Jian
Zin


Innate Abilities, Weirdness & Mutations

You are too large for most types of armour.
You have tough skin. (AC +1)


Message History

You climb upwards.
There is a stone staircase leading down here.
The worker ant closely misses you. The worker ant bites you.
The worker ant bites you!
* * * LOW HITPOINT WARNING * * *
The orc warrior hits you with a scimitar!
* * * LOW HITPOINT WARNING * * *
The worker ant waves its antennae.
The worker ant closely misses you.
Casting: Flame Tongue (safe; 1% risk of failure)
Confirm with . or Enter, or press ? or * to list all spells.
Aiming: Sticky Flame (safe; 10% risk of failure)
Press: ? - help, Shift-Dir - straight line, f - worker ant
Aim: a worker ant The sticky flame hits the worker ant.
The worker ant is lightly wounded.
The worker ant is covered in liquid flames!
You are feeling hungry.
The worker ant burns!
The worker ant bites you.
You die...

▒▒·▒▒▒▒▒▒▒·····▒▒·▒ ▒·······▒
▒·▒ ▒·····▒▒·▒ ▒····g··▒ ▒·▒
▒·····▒▒·▒▒▒▒▒▒▒···g·g·▒ ▒·▒
▒··>·o··············g··▒
▒·▒▒▒▒▒▒▒·····▒▒·▒▒▒▒▒▒▒▒'▒▒▒▒▒▒
▒·······▒▒▒'▒▒▒▒·▒ ▒·)▒
▒▒▒▒▒▒▒·▒ ▒·▒ ▒o▒ ▒▒)▒ ▒····▒·▒
▒·▒▒▒▒a▒ ▒·▒ ▒·▒▒·▒·▒
▒····@·▒▒▒▒▒▒▒▒▒·▒▒ ▒·▒<·▒·▒
▒·▒▒▒▒▒▒▒······▒··▒
▒·▒··▒·▒▒▒·▒▒▒▒▒▒▒······▒▒·▒
▒·▒··▒······>···········▒▒·▒▒▒▒
▒·▒··▒▒▒▒▒·····················
▒·▒··▒········▒▒▒▒·▒▒▒▒▒▒▒··▒▒▒
▒·▒··▒··▒▒▒▒▒·▒ ▒·▒ ▒▒·▒▒▒
▒·▒··▒▒·▒▒▒▒▒·▒ ▒·▒ ▒··▒▒
▒·▒···········▒ ▒·▒ ▒▒·▒▒


You could see an orc warrior and a worker ant (burning).

Vanquished Creatures
  A black bear (D:5)
  2 phantoms (D:4)
  An ogre (D:4)
  4 big kobolds (Sewer)
  2 howler monkeys
  4 crimson imps
  2 hounds (D:4)
  A jelly (D:5)
  3 iguanas
  A bullfrog skeleton (D:5)
  An orc wizard (D:4)
  2 worker ants
  A hound zombie (D:5)
  A howler monkey skeleton (D:4)
  13 adders
  4 gnolls (D:5)
  A river rat (Sewer)
  4 oozes
  6 worms
  A dart slug (D:3)
  10 leopard geckos
  13 orcs
  7 giant cockroaches
  7 goblins
  4 hobgoblins
  7 jackals
  9 kobolds
  2 quokkas
  7 ball pythons
  10 bats
  6 frilled lizards
  A giant cockroach zombie (D:2)
  9 rats
147 creatures vanquished.

Notes
Turn   | Place    | Note
-------+----------+-------------------------------------------
     0 | D:1      | Azzok the Ogre Fire Elementalist began the quest for the Orb.
     0 | D:1      | Reached XP level 1. HP: 16/16 MP: 3/3
    63 | D:1      | Reached skill level 1 in Conjurations
   383 | D:1      | Reached skill level 3 in Fire Magic
   383 | D:1      | Reached XP level 2. HP: 22/24 MP: 0/5
  1262 | D:2      | Reached XP level 3. HP: 14/31 MP: 1/6
  1501 | D:2      | Found an ornate altar of the Wu Jian Council.
  1502 | D:2      | Found a stormy altar of Qazlal.
  1848 | D:2      | Reached XP level 4. HP: 28/39 MP: 7/7
  2530 | D:2      | Found a hazy altar of Hepliaklqana.
  2652 | D:3      | Found a hide-covered altar of Uskayaw.
  2653 | D:3      | Noticed a hand axe
  2653 | D:3      | Noticed a hand axe
  2740 | D:3      | Reached skill level 4 in Fire Magic
  2903 | D:3      | Reached XP level 5. HP: 42/45 MP: 8/8
  2908 | D:3      | Found a glowing drain.
  2925 | Sewer    | Entered a sewer
  3455 | Sewer    | Noticed a big kobold
  3465 | Sewer    | Killed a big kobold
  3465 | Sewer    | Reached XP level 6. HP: 51/53 MP: 2/9
  3801 | Sewer    | Reached skill level 5 in Fire Magic
  3926 | Sewer    | Reached XP level 7. HP: 59/59 MP: 6/10
  4230 | D:3      | Found a snail-covered altar of Cheibriados.
  4327 | D:3      | Learned a level 4 spell: Sticky Flame
  4387 | D:3      | Found a faded altar of an unknown god.
  4523 | D:3      | Found a sparkling altar of Nemelex Xobeh.
  4664 | D:3      | Found a glowing silver altar of Zin.
  4770 | D:4      | Reached skill level 5 in Conjurations
  5288 | D:4      | Reached skill level 6 in Fire Magic
  5698 | D:4      | Reached XP level 8. HP: 54/67 MP: 4/11
  6137 | D:5      | Entered Level 5 of the Dungeon
  6842 | D:5      | Found a deep blue altar of Sif Muna.
  6953 | D:5      | Found a shattered altar of Ashenzari.
  7060 | D:5      | Reached skill level 7 in Fire Magic
  7910 | D:5      | HP: 2/67 [orc warrior/scimitar (15)]
  7918 | D:5      | Slain by a worker ant

Skill      XL: |  1  2  3  4  5  6  7  8 |
---------------+-------------------------+-----
Conjurations   | 1 2 3 4 5 6 |  6.8
Fire Magic     | 3 4 5 6 7 |  7.3
Dodging        | |  1.7
Stealth        | |  1.4
Spellcasting   | |  2.4

Action                   |  1- 3 |  4- 6 |  7- 9 || total
-------------------------+-------+-------+-------++-------
Melee: Unarmed           |    18 |       |       ||    18
       Mace              |    60 |    92 |   189 ||   341
 Cast: Flame Tongue      |    14 |    45 |    98 ||   157
       Sticky Flame      |       |       |     2 ||     2
 Stab: Sleeping          |     3 |     3 |       ||     6
  Eat: Chunk             |     3 |     7 |    14 ||    24
Armor: Robe              |    39 |    37 |    72 ||   148
Dodge: Dodged            |    75 |    74 |   156 ||   305
